 Dungeon Crawl Stone Soup version 0.28-a0-1206-g193881aaa2 (webtiles) character file.

Game seed: 6479528595662680927

4333 bande the Cleaver (level 10, -6/63 HPs)
             Began as a Gargoyle Fighter on Dec 21, 2021.
             Was a Priest of Okawaru.
             Mangled by an acid dragon (7 damage)
             ... on level 8 of the Dungeon.
             The game lasted 00:12:50 (7129 turns).

bande the Cleaver (Gargoyle Fighter)                Turns: 7129, Time: 00:12:50

Health: -6/63      AC: 10    Str: 18    XL:     10   Next: 33%
Magic:  13/13      EV:  7    Int: 11    God:    Okawaru [***...]
Gold:   398        SH:  6    Dex: 13    Spells: 9/9 levels left

rFire   + . .      SeeInvis .   f - +11 hand axe "Xoonteen" {venom, rElec rF+ Stlth+}
rCold   . . .      Faith    .   c - +1 buckler
rNeg    + . .      Spirit   .   t - +0 chain mail
rPois   ∞          Reflect  .   b - +0 helmet
rElec   +          Harm     .   (no cloak)
rCorr   .          Rampage  +   (no gloves)
Will    +....                   h - +2 pair of boots {rampage}
Stlth   ..........              (no amulet)
HPRegen 0.20/turn               k - ring of willpower
MPRegen 0.13/turn               (no ring)

@: corroded, studying Evocations
A: sickness immunity, AC +7, negative energy resistance 1, electricity
resistance, torment resistance 1, petrification resistance, clever 1, weak 1
a: Renounce Religion, Heroism


You were on level 8 of the Dungeon.
You worshipped Okawaru.
Okawaru was most pleased with you.
You visited 2 branches of the dungeon, and saw 9 of its levels.

You collected 398 gold pieces.

Inventory:

Hand Weapons
 a - a +0 war axe
 f - the +11 hand axe "Xoonteen" (weapon) {venom, rElec rF+ Stlth+}
   (You found it on level 5 of the Dungeon)

   It poisons the flesh of those it strikes.
   rF:        It protects you from fire.
   rElec:     It insulates you from electricity.
   Stlth:     It makes you more stealthy.
 q - a +0 morningstar of protection
Armour
 b - a +0 helmet (worn)
 c - a +1 buckler (worn)
 h - a +2 pair of boots of rampaging (worn)
 t - a +0 chain mail (worn)
Jewellery
 g - a ring of magical power
 k - a ring of willpower (left hand)
 v - a ring of protection from cold
Wands
 o - a wand of paralysis (12)
 p - a wand of iceblast (12)
Scrolls
 l - a scroll of fear
 m - a scroll of teleportation
 s - 3 scrolls of identify
 u - 2 scrolls of enchant armour
Potions
 d - 3 potions of might
 e - a potion of heal wounds
 i - 2 potions of brilliance
 j - 3 potions of curing
 n - 2 potions of flight
 r - a potion of invisibility


   Skills:
 + Level 7.2 Fighting
 + Level 8.3 Axes
 + Level 7.5 Armour
 - Level 0.2 Dodging
 + Level 5.3 Shields
 * Level 4.6 Invocations
 * Level 7.1 Evocations


You had 9 spell levels left.
You didn't know any spells.
Your spell library was empty.

Dungeon Overview and Level Annotations

Branches:
Dungeon (8/15)             Temple (1/1) D:5            Lair (0/6) D:8

Altars:
Ashenzari
Cheibriados
Dithmenos
Elyvilon
Fedhas
Gozag
Hepliaklqana
Kikubaaqudgha
Makhleb
Nemelex Xobeh
Okawaru
Qazlal
Ru
Sif Muna
Trog
Uskayaw
Vehumet
Wu Jian
Yredelemnul
Zin
The Shining One

Shops:
D:3 =   D:7 *

Portals:
Abyss: D:4

Annotations:
D:4 2 transporters, coolguy420's ghost, amateur DECj
D:5 2 transporters


Innate Abilities, Weirdness & Mutations

You are immune to sickness and miasma.
Your stone body is resilient. (AC +7)
You are immune to poison.
You resist negative energy. (rN+)
You are resistant to electric shocks. (rElec)
You are resistant to unholy torment.
You are immune to petrification.
Your mind is acute. (Int +2)
You are weak. (Str -2)


Message History

You are too injured to fight recklessly!
You are too injured to fight recklessly!
You are too injured to fight recklessly!
You start resting.
An acid dragon is nearby!
You see here a yak corpse.
You hit the acid dragon.
The acid dragon is moderately wounded.
You closely miss the acid dragon.
The acid dragon is moderately wounded.
You block the acid dragon's attack.
The acid dragon claws you but does no damage.
You hit the acid dragon.
The acid dragon is heavily wounded.
The acid dragon bites you.
* * * LOW HITPOINT WARNING * * *
The acid dragon claws you but does no damage.
You hit the acid dragon but do no damage.
The acid dragon is heavily wounded.
The acid dragon spits acid at you. The splash of acid hits you.
* * * LOW HITPOINT WARNING * * *
The acid corrodes you!
You closely miss the acid dragon.
The acid dragon is heavily wounded.
The acid dragon closely misses you.
The acid dragon claws you but does no damage.
You barely miss the acid dragon.
The acid dragon is heavily wounded.
The acid dragon spits acid at you. The splash of acid hits you!
* * * LOW HITPOINT WARNING * * *
The acid corrodes you!
You hit the acid dragon.
The acid dragon is heavily wounded.
The acid dragon barely misses you. x2
You hit the acid dragon.
The acid dragon is severely wounded.
The acid dragon bites you!
You die...

#####.....÷..#######..#####..#
.....####'######......# ##.#
.....####.)# #..####...####.###
...........####.##.. ###...#.#.#
.....#####......#.. #..#.#.#
...).# #..###.#.# #..#...#
.....# #..# #.#.# ..###.# .....#
#..# #..#o# #.# #.# .....# #..#
#†@#$(# $#.###.#
.....#####..###.D##$!##$)#.....#
.....+......##....###($$##.#####
.....#####..###......####..#
.....# #..###...........##
.....# #....+..........## .....#
##.###..........# .....#
#...'..........# ######
#####..........#


You could see an acid dragon.

Vanquished Creatures
  Prince Ribbit (D:7)
  Sigmund (D:5)
  A shadow (D:6)
  2 yaks (D:8)
  An acid dragon (D:8)
  2 water moccasins (D:8)
  2 hornet zombies
  Duvessa (D:5)
  An orc warrior (D:7)
  4 necrophages
  A sky beast (D:7)
  2 ogres (D:5)
  2 centaurs (D:8)
  A kobold brigand (D:8)
  A bullfrog (D:8)
  A gnoll sergeant (D:8)
  A wyvern zombie (D:7)
  4 scorpions
  A wyvern skeleton (D:7)
  Dowan (D:5)
  9 killer bees (D:8)
  2 water moccasin skeletons
  3 howler monkeys (D:8)
  3 centaur zombies
  3 orc priests
  2 jellies
  A centaur skeleton (D:5)
  2 hounds
  2 bullfrog skeletons
  A gnoll shaman (D:8)
  3 iguanas (D:5)
  4 orc wizards
  Ijyb (D:5)
  A killer bee zombie (D:5)
  9 adders
  A shadow imp (D:6)
  2 white imps (D:7)
  2 worms
  4 dart slugs
  17 orcs
  7 endoplasms
  5 giant cockroaches
  5 hobgoblins
  9 jackals
  7 quokkas
  6 ball pythons
  9 bats
  2 frilled lizards (D:1)
  6 goblins
  8 kobolds
  8 rats
175 creatures vanquished.

Vanquished Creatures (others)
  6 plants (D:5)
6 creatures vanquished.

Grand Total: 181 creatures vanquished

Notes
Turn   | Place    | Note
-------+----------+-------------------------------------------
     0 | D:1      | bande the Gargoyle Fighter began the quest for the Orb.
     0 | D:1      | Reached XP level 1. HP: 14/14 MP: 1/1
   247 | D:1      | Identified a scroll of acquirement
   247 | D:1      | Acquired a +2 pair of boots of rampaging
   271 | D:1      | Reached skill level 2 in Axes
   272 | D:1      | Reached XP level 2. HP: 13/19 MP: 2/2
   726 | D:1      | Reached XP level 3. HP: 23/24 MP: 3/3
  1155 | D:2      | Reached XP level 4. HP: 29/29 MP: 4/4
  1472 | D:2      | Reached skill level 3 in Axes
  1497 | D:2      | Found a faded altar of an unknown god.
  2127 | D:3      | Reached XP level 5. HP: 33/33 MP: 5/5
  2129 | D:3      | Found Huzxadu's Jewellery Boutique.
  2545 | D:3      | Found a blossoming altar of Fedhas.
  2550 | D:3      | Found a sparkling altar of Nemelex Xobeh.
  2554 | D:3      | Found a basalt altar of Yredelemnul.
  2556 | D:3      | Found an ancient bone altar of Kikubaaqudgha.
  2557 | D:3      | Found a shadowy altar of Dithmenos.
  2558 | D:3      | Found a broken altar of Ashenzari.
  2559 | D:3      | Found an opulent altar of Gozag.
  2701 | D:4      | Found a transporter.
  2701 | D:4      | Found a one-way gate to the infinite horrors of the Abyss.
  2701 | D:4      | Noticed coolguy420's ghost (amateur DECj)
  2870 | D:4      | Found a transporter.
  2871 | D:4      | Noticed an ancient zyme
  3345 | D:5      | Entered Level 5 of the Dungeon
  3348 | D:5      | Gained mutation: You are weak. (Str -2) [potion of
                  | mutation]
  3348 | D:5      | Gained mutation: Your mind is acute. (Int +2) [potion of
                  | mutation]
  3349 | D:5      | Acquired a manual of Evocations
  3365 | D:5      | Reached skill level 4 in Axes
  3365 | D:5      | Reached XP level 6. HP: 15/38 MP: 6/6
  3804 | D:5      | Identified the +11 hand axe "Xoonteen" {venom, rElec rF+
                  | Stlth+}
  3974 | D:5      | Found a radiant altar of Vehumet.
  3975 | D:5      | Found a burning altar of Makhleb.
  3987 | D:5      | Reached skill level 1 in Evocations
  4007 | D:5      | Noticed Duvessa
  4008 | D:5      | Noticed Dowan
  4008 | D:5      | Noticed Sigmund
  4010 | D:5      | Killed Duvessa
  4015 | D:5      | Killed Dowan
  4016 | D:5      | Reached XP level 7. HP: 42/44 MP: 7/7
  4019 | D:5      | Killed Sigmund
  4020 | D:5      | Reached skill level 5 in Armour
  4062 | D:5      | Found a transporter.
  4063 | D:5      | Found a transporter.
  4154 | D:5      | Reached skill level 5 in Axes
  4325 | D:5      | Noticed Ijyb
  4333 | D:5      | Killed Ijyb
  4375 | D:5      | Reached skill level 5 in Fighting
  4414 | D:5      | Reached XP level 8. HP: 49/49 MP: 8/8
  4718 | D:5      | Found a staircase to the Ecumenical Temple.
  4733 | D:5      | Found a sacrificial altar of Ru.
  4908 | Temple   | Entered the Ecumenical Temple
  4913 | Temple   | Became a worshipper of Warmaster Okawaru
  4961 | D:6      | Reached skill level 6 in Axes
  4965 | D:6      | Reached skill level 1 in Invocations
  5132 | D:6      | Noticed a shadow
  5144 | D:6      | Killed a shadow
  5144 | D:6      | Reached * piety under Okawaru
  5145 | D:6      | Reached skill level 5 in Evocations
  5145 | D:6      | Reached XP level 9. HP: 31/55 MP: 10/10
  5787 | D:7      | Reached skill level 7 in Axes
  5878 | D:7      | Reached ** piety under Okawaru
  6119 | D:7      | Noticed Prince Ribbit
  6132 | D:7      | Killed Prince Ribbit
  6275 | D:7      | Found Efoskut's Serpentskin Sales.
  6376 | D:8      | Found a staircase to the Lair.
  6464 | D:8      | Reached *** piety under Okawaru
  6603 | D:8      | Reached skill level 5 in Shields
  6654 | D:8      | Reached skill level 8 in Axes
  6654 | D:8      | Reached XP level 10. HP: 52/61 MP: 13/13
  7127 | D:8      | HP: 1/63 [acid dragon/splash of acid (14)]
  7129 | D:8      | Mangled by an acid dragon

Illustrated notes

Levels and vault maps discovered:
D:1:      scummos_arrival_checkerplants, layout_rooms,
          chequers_serial_rivers_small_3, minivault_26, st_stairs_6
D:2:      layout_rooms, ebering_ecumenical_altar_sacrificial
D:3:      layout_loops_ring, minitemple, serial_shops, nicolae_diamond_shop
D:4:      layout_gridville, gammafunk_ghost_abyssal_escape,
          amcnicky_mini_corridor_feature, nrook_campfire
D:5:      minmay_evil_eye, layout_basic, gammafunk_temple_overflow_claw,
          minmay_temple_entry_from_below_a, gammafunk_ghost_gnarly_gnolls,
          hangedman_abyss_or_decor_jellyfish_corner, uniq_ijyb, uniq_sigmund,
          uniq_duvessa
D:6:      layout_cave_pools
D:7:      layout_rooms, guppyfry_shop_venom, uniq_prince_ribbit1
D:8:      layout_basic, lair_entry_dummy, serial_shops, nicolae_lakefront_shop,
          nicolae_ossuary_entry_catacombs, minmay_alternating_orb
Temple:   minmay_freezing_vapour_temple

Skill      XL: |  1  2  3  4  5  6  7  8  9 10 |
---------------+-------------------------------+-----
Axes           | 2 3 4 5 6 8 |  8.3
Armour         | 4 5 6 7 |  7.5
Fighting       | 4 5 6 7 |  7.2
Evocations     | 2 3 5 6 7 |  7.1
Shields        | 4 5 |  5.3
Invocations    | 2 4 |  4.6
Dodging        | |  0.2

Action                   |  1- 3 |  4- 6 |  7- 9 | 10-12 || total
-------------------------+-------+-------+-------+-------++-------
Melee: War axe           |    81 |   193 |       |       ||   274
       Hand axe          |       |    16 |   202 |    72 ||   290
  Use: Scroll            |     4 |     7 |     5 |     1 ||    17
       Potion            |       |     1 |       |     1 ||     2
Armor: Scale mail        |    66 |   118 |    70 |       ||   254
       Chain mail        |       |       |    41 |    51 ||    92
Dodge: Dodged            |    55 |    78 |    54 |    27 ||   214
Block: Buckler           |    18 |    48 |    41 |    35 ||   142

Table legend: (Time is in decaauts)
 A = Elapsed time spent in this place.
 B = Non-inter-level travel time spent in this place.
 C = Inter-level travel time spent in this place.
 D = Time resting spent in this place.
 E = Time spent auto-exploring this place.
 F = Levels seen in this place.
 G = Mean time per level.
                   A        B        C        D        E       F      G
               +--------+--------+--------+--------+--------+-----+--------+
         Total |   7222 |   7163 |     59 |    514 |   5059 |   9 |  802.4 |
       Dungeon |   7188 |   7129 |     59 |    514 |   5037 |   8 |  898.5 |
        Temple |     33 |     33 |      0 |      0 |     22 |   1 |   33.0 |
               +--------+--------+--------+--------+--------+-----+--------+

Top non-repeatable levels by time:
     D:5: 1560 daAuts
     D:1: 1019 daAuts
     D:2: 949 daAuts
     D:7: 778 daAuts
     D:3: 759 daAuts
     D:8: 742 daAuts
     D:4: 716 daAuts
     D:6: 661 daAuts
  Temple: 33 daAuts
